 Dungeon Crawl Stone Soup version 0.29-a0-648-g6b26cc9f40 (webtiles) character file.

Game seed: 12919971624366418527

12098 omnomnOMINOUS the Fighter (level 11, 0/72 HPs)
             Began as an Octopode Wanderer on June 20, 2022.
             Was a High Priest of Hepliaklqana.
             Slain by a komodo dragon (31 damage)
             ... on level 2 of the Lair of Beasts.
             The game lasted 00:31:16 (13679 turns).

omnomnOMINOUS the Fighter (Octopode Wanderer)      Turns: 13679, Time: 00:31:16

Health: 0/72       AC:  1    Str:  9    XL:     11   Next: 88%
Magic:  23/23      EV: 21    Int: 18    God:    Hepliaklqana [*****.]
Gold:   687        SH:  5    Dex: 15    Spells: 25/26 levels left

rFire   + . .      SeeInvis .   G - +5 morningstar
rCold   . . .      Faith    .   k - +0 buckler
rNeg    . . .      Spirit   .   (helmet restricted)
rPois   +          Reflect  .   (no amulet)
rElec   .          Harm     .   g - ring of poison resistance
rCorr   .          Rampage  .   j - ring of protection from fire
Will    .....                   r - +4 ring of evasion
Stlth   ++........              (no ring)
HPRegen 0.22/turn               (no ring)
MPRegen 0.18/turn               (no ring)
                                (no ring)
                                (no ring)

@: no status effects
A: reduced essence, almost no armour, amphibious, 8 rings, camouflage 1,
gelatinous body 1, (nimble swimmer 1), tentacles
a: Renounce Religion, Recall Ancestor, Ancestor Identity, Transference, Idealise


You were on level 2 of the Lair of Beasts.
You worshipped Hepliaklqana.
Hepliaklqana was extremely pleased with you.
You visited 2 branches of the dungeon, and saw 12 of its levels.
You also visited: Ossuary.

You collected 687 gold pieces.

Inventory:

Hand Weapons
 a - a +2 long sword of holy wrath
 b - a +4 mace
 c - a +0 quarterstaff of draining
 p - a +0 trident of protection
 G - a +5 morningstar (weapon)
 H - a +4 war axe
 M - a +1 whip of electrocution
Missiles
 h - 5 curare-tipped darts (quivered)
 F - a throwing net
Armour
 k - a +0 buckler (worn)
Jewellery
 g - a ring of poison resistance (left tentacle)
 j - a ring of protection from fire (right tentacle)
 n - a ring of fire
 r - a +4 ring of evasion (on tentacle)
 P - an amulet of faith
Wands
 E - a wand of flame (35)
 I - a wand of charming (6)
 Q - a wand of mindburst (10)
 R - a wand of digging (3)
Scrolls
 e - 7 scrolls of teleportation
 i - a scroll of blinking
 m - 4 scrolls of noise
 o - a scroll of vulnerability
 q - 4 scrolls of magic mapping
 t - 2 scrolls of poison
 u - 3 scrolls of enchant armour
 w - a scroll of fear
 y - 4 scrolls of amnesia
 A - a scroll of fog
 C - a scroll of enchant weapon
 O - a scroll of immolation {unknown}
Potions
 d - 8 potions of curing
 f - a potion of magic
 l - 4 potions of flight
 s - 2 potions of mutation
 v - 3 potions of haste
 x - 6 potions of lignification
 z - 3 potions of heal wounds
 B - 4 potions of attraction
 D - a potion of invisibility
 J - a potion of brilliance
 N - a potion of experience {unknown}
 S - a potion of resistance {unknown}
Miscellaneous
 K - a phial of floods
 L - a tin of tremorstones (2/2)


   Skills:
 + Level 9.8 Fighting
 - Level 4.0 Short Blades
 + Level 9.3 Dodging
 - Level 5.0 Shields
 - Level 8.0 Spellcasting
 + Level 9.0 Conjurations


You had 25 spell levels left.
You knew the following spells:

 Your Spells              Type           Power      Damage    Failure   Level
a - Magic Dart            Conj           100%       1d8       1%          1

Your spell library contained the following spells:

 Spells                   Type           Power      Damage    Failure   Level
 Foxfire                  Conj/Fire      92%        2x1d8     1%          1
 Conjure Flame            Conj/Fire      23%        6-21      6%          3
 Dazzling Flash           Conj/Hex       46%        N/A       6%          3
 Mephitic Cloud           Conj/Pois/Air  18%        N/A       11%         3
 Call Imp                 Summ           7%         N/A       19%         2
 Flame Wave               Conj/Fire      23%        2d7       19%         4
 Confusing Touch          Hex            7%         N/A       36%         3
 Inner Flame              Hex/Fire       7%         N/A       36%         3
 Agony                    Necr           7%         N/A       98%         5
 Silence                  Hex/Air        3%         N/A       98%         5
 Yara's Violent Unravell  Hex/Tmut       3%         3d4       98%         5
 Enfeeble                 Hex            3%         N/A       100%        7


Dungeon Overview and Level Annotations

Branches:
Dungeon (10/15)            Temple (0/1) D:5            Lair (2/6) D:9
Ossuary (visited)
  Swamp: Lair:2-4    Shoals: Lair:2-4     Snake: Lair:2-4    Spider: Lair:2-4
    Orc: D:9-12

Altars:
Cheibriados
Elyvilon
Gozag
Hepliaklqana
Kikubaaqudgha
Makhleb
Ru
Uskayaw
Yredelemnul
Zin


Innate Abilities, Weirdness & Mutations

Your life essence is reduced to manifest your ancestor. (-10% HP)
You cannot wear most types of armour.
You are amphibious.
You can wear up to eight rings at the same time.
Your skin changes colour to match your surroundings (Stealth+).
Your rubbery body absorbs attacks. (AC +1, EV +1)
((You are camouflaged when in or above water. (Stealth+)))
You have tentacles for arms and can constrict up to eight enemies at once.


Message History

The blink frog blinks free!
You miss the blink frog. Your grab misses the blink frog.
The blink frog is heavily wounded.
The blink frog hits you!
Hexy gestures at the blink frog while chanting.
The blink frog easily resists.
The blink frog barely misses hexy.
Hexy hits the blink frog with a +0 dagger of draining.
You sock the blink frog! You grab the blink frog.
The blink frog is almost dead.
You constrict the blink frog. The blink frog closely misses you.
Hexy hits the blink frog with a +0 dagger of draining!
The blink frog dies!
No target in view!
No target in view!
You see here a blink frog corpse.
There is an empty arch of ancient stone here.
A komodo dragon comes into view.
The komodo dragon hisses angrily.
You hear a croak.
A cane toad comes into view.
The komodo dragon barely misses hexy.
You swap places.
A torpor snail comes into view.
Hexy is no longer moving slowly.
The komodo dragon barely misses you.
Hexy points at the komodo dragon and mumbles some strange words.
The komodo dragon easily resists.
The torpor snail moves out of view.
You completely miss the cane toad. You grab the cane toad.
You constrict the cane toad, but do no damage.
The cane toad misses you. The komodo dragon bites you!!
The cane toad barely misses you. The komodo dragon misses you.
You hit the cane toad but do no damage. You constrict the cane toad.
The cane toad closely misses you.
The komodo dragon completely misses you.
You block the cane toad's attack.
You hit the cane toad but do no damage. You squeeze the cane toad.
The cane toad is lightly wounded.
You constrict the cane toad, but do no damage.
The komodo dragon bites you! The cane toad stings you!
The komodo dragon bites you!!
You die...

. . .#
.# #.
#♣ ♣.♣#
#. ♣Fl#
#.♣♣♣@#
#..♣.R#
♣.♣.♣#
♣.♣♣
##∩##
##.†.##
#>....#
#....>#
#>....#


You could see the friendly hexy the hexer, a komodo dragon (ally target) and a
cane toad.

Vanquished Creatures
  A two-headed ogre (D:9)
  A black mamba (Lair:1)
  A cane toad (Lair:2)
  Maggie (D:8)
  A hornet (D:8)
  3 wyverns
  A wraith (D:10)
  3 yaks (Lair:1)
  A basilisk (Lair:1)
  A steam dragon (D:7)
  4 water moccasins
  2 orc warriors (D:8)
  A black bear (D:5)
  An ice beast (D:6)
  An ogre (D:6)
  A phantom (D:4)
  A centaur (D:9)
  2 kobold brigands
  4 bullfrogs
  4 necrophages
  5 water moccasin zombies (Ossuary)
  5 wights (D:9)
  6 killer bees
  3 howler monkeys
  5 bullfrog zombies (Ossuary)
  6 centaur zombies (Ossuary)
  A hound (D:5)
  A jelly (D:7)
  A gnoll shaman (D:6)
  An orc priest (D:7)
  Jessica (D:2)
  An iguana (D:3)
  3 orc wizards
  2 killer bee zombies (Ossuary)
  8 mummies (Ossuary)
  3 howler monkey zombies (Ossuary)
  2 gnolls (D:6)
  5 adders
  A shadow imp (D:6)
  2 white imps
  An ufetubus (D:5)
  2 worms (D:2)
  2 dart slugs
  21 orcs
  4 bats
  5 endoplasms
  3 giant cockroaches
  4 hobgoblins
  4 jackals (D:1)
  6 quokkas
  6 ball pythons
  4 frilled lizards
  4 goblins
  7 kobolds
  3 rats
  A spectral orc (D:3)
174 creatures vanquished.

Vanquished Creatures (collateral kills)
  A two-headed ogre (D:8)
  A black mamba (Lair:1)
  A cane toad (Lair:1)
  A kobold demonologist (D:10)
  2 komodo dragons (Lair:2)
  A troll (D:9)
  A polar bear (Lair:1)
  2 blink frogs (Lair:2)
  A yak (Lair:1)
  A wraith (D:8)
  A basilisk (Lair:1)
  A steam dragon (D:9)
  An acid dragon (D:10)
  4 water moccasins
  A hornet zombie (Ossuary)
  An orc warrior (D:4)
  3 centaurs
  A phantom (D:6)
  2 kobold brigands
  3 bullfrogs
  A necrophage (D:7)
  2 scorpions (D:7)
  2 wights (D:9)
  3 killer bees
  A howler monkey (D:9)
  2 bullfrog zombies (Ossuary)
  4 orc priests
  2 orc wizards
  A killer bee zombie (Ossuary)
  5 mummies (Ossuary)
  3 gnolls (D:6)
  An adder (D:6)
  A shadow imp (D:8)
  2 white imps
  An ufetubus (D:5)
  A worm (D:5)
  13 orcs
  2 goblins
  2 hobgoblins (D:4)
  A kobold (D:9)
  A rat (D:3)
81 creatures vanquished.

Vanquished Creatures (others)
  5 hexers
  An ancestor (D:3)
  39 plants (Lair:2)
  2 withered plants (Ossuary)
47 creatures vanquished.

Grand Total: 302 creatures vanquished

Notes
Turn   | Place    | Note
-------+----------+-------------------------------------------
     0 | D:1      | omnomnOMINOUS the Octopode Wanderer began the quest for the
                  | Orb.
     0 | D:1      | omnomnOMINOUS set off with the following items: a +3 short
                  | sword, a +0 buckler, a potion of might.
     0 | D:1      | Reached XP level 1. HP: 16/16 MP: 1/1
    56 | D:1      | Reached XP level 2. HP: 8/21 MP: 2/2
   933 | D:1      | Reached skill level 1 in Spellcasting
   933 | D:1      | Reached XP level 3. HP: 26/26 MP: 4/4
  1688 | D:2      | Noticed Jessica
  1693 | D:2      | Killed Jessica
  1694 | D:2      | Reached XP level 4. HP: 14/31 MP: 4/6
  1975 | D:2      | Learned a level 1 spell: Magic Dart
  2395 | D:3      | Found a basalt altar of Yredelemnul.
  2489 | D:3      | Found a faded altar of an unknown god.
  2498 | D:3      | Prayed at the altar of an unknown god.
  2498 | D:3      | Became a worshipper of Hepliaklqana the Forgotten
  2498 | D:3      | Reached * piety under Hepliaklqana
  2799 | D:3      | Reached XP level 5. HP: 30/33 MP: 7/7
  3196 | D:3      | Found a hide-covered altar of Uskayaw.
  3532 | D:4      | Reached ** piety under Hepliaklqana
  3533 | D:4      | Remembered your ancestor hexy as a hexer
  3639 | D:4      | Noticed a phantom
  3643 | D:4      | Reached skill level 1 in Conjurations
  3651 | D:4      | Killed a phantom
  3652 | D:4      | Reached XP level 6. HP: 18/38 MP: 9/9
  3927 | D:4      | Noticed an orc warrior
  3943 | D:4      | Killed an orc warrior
  4554 | D:5      | Entered Level 5 of the Dungeon
  4736 | D:5      | Noticed a water moccasin
  4742 | D:5      | Killed a water moccasin
  4743 | D:5      | Reached XP level 7. HP: 40/44 MP: 9/11
  4768 | D:5      | Found a staircase to the Ecumenical Temple.
  4885 | D:5      | Found a sand-covered staircase.
  4890 | Ossuary  | Entered an ossuary
  5347 | Ossuary  | Reached skill level 5 in Fighting
  5347 | Ossuary  | Reached XP level 8. HP: 47/49 MP: 13/13
  5413 | Ossuary  | Reached skill level 5 in Shields
  5708 | Ossuary  | Reached skill level 5 in Dodging
  5742 | D:5      | Reached XP level 9. HP: 55/55 MP: 15/15
  6304 | D:6      | Reached skill level 5 in Conjurations
  6338 | D:6      | Reached *** piety under Hepliaklqana
  6346 | D:6      | Found a burning altar of Makhleb.
  6356 | D:6      | Reached skill level 5 in Spellcasting
  6570 | D:6      | Found a snail-covered altar of Cheibriados.
  7829 | D:7      | Reached **** piety under Hepliaklqana
  7908 | D:7      | Found a sacrificial altar of Ru.
  8247 | D:8      | Reached XP level 10. HP: 46/63 MP: 18/18
  8488 | D:8      | Noticed a two-headed ogre
  8496 | D:8      | Killed a two-headed ogre
  8722 | D:8      | Found a white marble altar of Elyvilon.
  9090 | D:8      | Noticed Maggie
  9100 | D:8      | Killed Maggie
  9224 | D:8      | Found a glowing silver altar of Zin.
  9766 | D:9      | Found a staircase to the Lair.
  9834 | D:9      | Found an opulent altar of Gozag.
  9834 | D:9      | Found an ancient bone altar of Kikubaaqudgha.
 10408 | D:9      | Noticed a two-headed ogre
 10523 | D:9      | Killed a two-headed ogre
 10524 | D:9      | Reached XP level 11. HP: 70/70 MP: 16/21
 10810 | D:10     | Entered Level 10 of the Dungeon
 10841 | D:10     | Identified the +0 pair of gloves of Parts Unknown {rC+
                  | Slay+3}
 11546 | Lair:1   | Entered Level 1 of the Lair of Beasts
 11796 | Lair:1   | Reached ***** piety under Hepliaklqana
 12951 | Lair:2   | Noticed a six-headed hydra
 13679 | Lair:2   | Slain by a komodo dragon

Illustrated notes

Levels and vault maps discovered:
D:1:      minmay_arrival_five_plusses, layout_basic, serial_forest,
          infiniplex_forest_lined_2, infiniplex_forest_straight_2,
          infiniplex_forest_straight_2, infiniplex_forest_end_2,
          infiniplex_forest_zigzag_2, infiniplex_forest_diagonal,
          infiniplex_forest_join, infiniplex_forest_3_way
D:2:      layout_loops_ring, uniq_jessica
D:3:      layout_basic, yredelemnul_forgotten_temple_becter,
          general_overflow_altar, basic_ecumenical_altar
D:4:      layout_cave_pods
D:5:      layout_basic, minmay_temple_entry_junction, enter_ossuary_2
D:6:      layout_loops_ring, lemuel_round_altar, chei_slow_surprise,
          chequers_arboretum
D:7:      layout_cave_pods, nicolae_ru_path_of_blood
D:8:      layout_cave_pools, lemuel_coloured_pillars_altar, kennysheep_mini,
          uniq_maggie
D:9:      layout_roguey, chequers_temple_overflow_statue_of_worship,
          lair_entry_dummy
D:10:     layout_cave_pools, hive_lemuel, uniq_erica
Lair:1:   layout_cave_pods
Lair:2:   nzn_winding_woodlands_stair_trap [nzn_winding_woodlands_5x15_cabin,
          nzn_winding_woodlands_5x15_pockets,
          nzn_winding_woodlands_5x15_sawtooth,
          nzn_winding_woodlands_15x15_five_gardens,
          nzn_winding_woodlands_5x15_parted, nzn_winding_woodlands_5x15_twine,
          nzn_winding_woodlands_5x15_zeroes], layout_hall_layers,
          lemuel_old_faithful

Skill      XL: |  1  2  3  4  5  6  7  8  9 10 11 |
---------------+----------------------------------+-----
Spellcasting   | 1 2 3 4 5 7 8 |  8.0
Dodging        | 2 3 4 5 6 8 9 |  9.3
Shields        | 3 4 5 |  5.0
Conjurations   | 1 2 3 4 6 7 9 |  9.0
Fighting       | 4 5 7 8 9 |  9.8
Short Blades   | |  4.0

Action                   |  1- 3 |  4- 6 |  7- 9 | 10-12 || total
-------------------------+-------+-------+-------+-------++-------
Melee: Short sword       |    38 |       |       |       ||    38
       Constrict         |    15 |    20 |    55 |    36 ||   126
       Tentacles         |    10 |    14 |    51 |    62 ||   137
       Long sword        |    20 |    79 |   172 |   155 ||   426
       Punch             |       |       |     3 |     1 ||     4
       Morningstar       |       |       |       |    31 ||    31
Throw: Dart              |       |     2 |       |     1 ||     3
 Cast: Magic Dart        |       |     9 |    19 |    47 ||    75
Invok: Ancestor Identity |       |     2 |       |       ||     2
       Ancestor Life: He |       |     1 |       |       ||     1
       Recall Ancestor   |       |       |     1 |     4 ||     5
  Use: Potion            |       |     1 |     5 |       ||     6
       Scroll            |       |       |    12 |     7 ||    19
 Stab: Sleeping          |     8 |     2 |       |     1 ||    11
       Distracted        |       |     1 |     2 |     5 ||     8
       Confused          |       |       |     8 |     7 ||    15
Armor: Skin              |     7 |     4 |    13 |     2 ||    26
Dodge: Dodged            |    28 |    55 |   115 |   191 ||   389
Block: Buckler           |    10 |    21 |    37 |    40 ||   108

Table legend: (Time is in decaauts)
 A = Elapsed time spent in this place.
 B = Non-inter-level travel time spent in this place.
 C = Inter-level travel time spent in this place.
 D = Time resting spent in this place.
 E = Time spent auto-exploring this place.
 F = Levels seen in this place.
 G = Mean time per level.
                   A        B        C        D        E       F      G
               +--------+--------+--------+--------+--------+-----+--------+
         Total |  13863 |  13491 |    372 |   3104 |   8187 |  13 | 1066.4 |
       Dungeon |  10821 |  10537 |    284 |   2152 |   6772 |  10 | 1082.1 |
          Lair |   2168 |   2080 |     88 |    544 |   1191 |   2 | 1084.0 |
       Ossuary |    873 |    873 |      0 |    408 |    224 |   1 |  873.0 |
               +--------+--------+--------+--------+--------+-----+--------+

Top non-repeatable levels by time:
     D:9: 1699 daAuts
  Lair:1: 1487 daAuts
     D:7: 1429 daAuts
     D:8: 1315 daAuts
     D:1: 1289 daAuts
     D:3: 1242 daAuts
     D:4: 1044 daAuts
     D:2: 1001 daAuts
 Ossuary: 873 daAuts
     D:6: 824 daAuts
     D:5: 741 daAuts
  Lair:2: 681 daAuts
    D:10: 233 daAuts
